[Event "Charlotte Summer IM B 2022"]
[Site "Charlotte"]
[Date "2022.07.28"]
[Round "8.3"]
[White "Mishra, Prateek"]
[Black "Avila Rodriguez, Joshua Ad"]
[Result "1/2-1/2"]
[ECO "B99"]
[WhiteElo "2204"]
[BlackElo "2210"]
[Annotator "TA"]
[PlyCount "63"]
[EventDate "2022.07.24"]
[EventType "tourn"]
[EventCountry "USA"]
[SourceTitle "playchess.com"]
[Source "ChessBase"]
[SourceQuality "1"]
[TimeControl "5400+30"]

1. e4 c5 2. Nf3 d6 3. d4 cxd4 4. Nxd4 Nf6 5. Nc3 a6 6. Bg5 e6 7. f4 Be7 8. Qf3 Qc7 9. O-O-O Nbd7 10. g4 h6 11. Bxf6 Bxf6 12. h4 Nb6 {[%emt 0:01:00] is the new trend. B99: Sicilian Najdorf: 6 Bg5 e6 7 f4 Be7 8 Qf3 Qc7 9 0-0-0 Nbd7.} 13. g5 Bxd4 14. Rxd4 Qc5 15. Qd3 hxg5 $1 16. b4 {[%emt 0:00:08][%mdl 64] Deflection} ({Much worse is} 16. Rxd6 {[#]} Nd5 $1 17. Rxd5 exd5 18. fxg5 dxe4 19. Nxe4 Qa5 $17) 16... Qc7 17. fxg5 Bd7 18. Rxd6 {[%emt 0:00:36] Qd4 is the strong threat.} Nc8 $1 19. Rd4 Nb6 {[%emt 0:00:00] [#]} 20. Rd6 $146 {[%emt 0:04:37] aiming for Qd4.} ({Predecessor:} 20. g6 fxg6 21. Rd6 O-O-O 22. Bh3 e5 23. Bxd7+ Rxd7 24. Rxd7 Qxd7 25. Rg1 Qc6 26. Nd5 Kb8 27. Qc3 Qxc3 28. Nxc3 Rxh4 29. Rxg6 {½-½ (59) Roebers,E (2331)-Cvitan,O (2458) Terme Catez 2022}) 20... Nc8 $1 21. Rd4 Nb6 22. e5 Bc6 (22... Qxe5 $11 23. Bg2 Rb8) 23. Rh2 {[%emt 0:10:21] White is more active.} (23. Rh3 $5 ) 23... Qxe5 24. Re2 Qc7 25. g6 O-O 26. gxf7+ Qxf7 27. Bh3 Rae8 28. Ne4 ({White should play} 28. Re5 $11) 28... Qf4+ (28... e5 $5 29. Ng5 Qh5 $17) 29. Kb1 {[%emt 0:05:09] Strongly threatening Ng5.} Bb5 30. c4 Nxc4 31. Rxc4 Qxh4 {[%emt 0:00:00] [#]} 32. Rh2 $1 {[%emt 0:12:59] Weighted Error Value: White=0.13 (very precise) /Black=0.12 (very precise)} 1/2-1/2

[Event "Charlotte Summer IM B 2022"]
[Site "Charlotte"]
[Date "2022.07.28"]
[Round "8.4"]
[White "Kolay, Alex"]
[Black "Ringoir, Tanguy"]
[Result "1/2-1/2"]
[ECO "D90"]
[WhiteElo "2188"]
[BlackElo "2490"]
[Annotator "TA"]
[PlyCount "39"]
[EventDate "2022.07.24"]
[EventType "tourn"]
[EventCountry "USA"]
[SourceTitle "playchess.com"]
[Source "ChessBase"]
[SourceQuality "1"]
[TimeControl "5400+30"]

1. d4 Nf6 2. c4 g6 3. Nc3 d5 4. Nf3 Bg7 5. h4 c6 6. cxd5 {[%emt 0:00:30] D90: Grünfeld: 4 Nf3 Bg7 sidelines.} cxd5 7. Bf4 Nc6 8. e3 {[%emt 0:00:14] White has an edge.} O-O 9. Ne5 Nxe5 {[%emt 0:00:42] The position is equal.} 10. Bxe5 Ne4 11. Bxg7 Nxc3 12. bxc3 Kxg7 13. h5 {[%emt 0:00:08] [#]} Be6 $146 ({Predecessor:} 13... Qa5 14. Qd2 Bf5 15. hxg6 hxg6 16. c4 Qxd2+ 17. Kxd2 dxc4 18. Bxc4 Rfd8 19. Bd3 e5 20. Bxf5 gxf5 {½-½ (35) Baenziger,F (2347)-Kantans,T (2528) Deutschlandsberg 2019}) 14. Qd2 Qd6 15. e4 dxe4 16. hxg6 hxg6 17. Qh6+ Kf6 {[%emt 0:00:02][%cal Of8h8] [#] ...Rh8! is the strong threat.} 18. Qh4+ Kg7 $1 {[%emt 0:00:04] And now ...Rh8 would win.} 19. Qh6+ Kf6 {[%emt 0:00:04][%cal Of8h8] Strongly threatening ...Rh8!} 20. Qh4+ {[%emt 0:00:04] An even fight not without its subleties.  Weighted Error Value: White=0.03 (flawless) /Black=0.01 (flawless)} 1/2-1/2

[Event "Charlotte Summer IM B 2022"]
[Site "Charlotte"]
[Date "2022.07.28"]
[Round "8.5"]
[White "Atanasov, Anthony"]
[Black "Adu, Oladapo"]
[Result "1-0"]
[ECO "D02"]
[WhiteElo "2172"]
[BlackElo "2056"]
[Annotator "TA"]
[PlyCount "107"]
[EventDate "2022.07.24"]
[EventType "tourn"]
[EventCountry "USA"]
[SourceTitle "playchess.com"]
[Source "ChessBase"]
[SourceQuality "1"]
[TimeControl "5400+30"]

1. d4 d5 2. Nf3 e6 3. Bf4 c5 4. e3 Nf6 5. Nbd2 Bd6 6. dxc5 {[%emt 0:03:40] D02: 1 d4 d5 2 Nf3 sidelines, including 2...Nf6 3 g3 and 2...Nf6 3 Bf4.} Bxc5 7. c4 O-O 8. a3 {[%emt 0:02:35] [#] The position is equal.} Bd6 $146 ({Predecessor:} 8... b6 9. Bd3 Bb7 10. O-O Nbd7 11. Qe2 Be7 12. h3 Nc5 13. Bc2 Rc8 14. Rfd1 Qe8 {½-½ (34) Donchenko,A (2584)-Tan,J (2519) Newcastle on Tyne 2019}) 9. Bxd6 Qxd6 10. cxd5 Qxd5 11. Bc4 Qh5 12. O-O b6 13. Rc1 Bb7 14. Be2 Rd8 15. Nd4 Qg6 16. Bf3 Bd5 17. Nc4 Nbd7 {[%emt 0:00:00] Against Ne5} ({Black should try} 17... Qg5 $14) 18. Bxd5 $16 Nxd5 {[%emt 0:05:30] [#]} 19. Nc6 {[%emt 0:27:24] Against e5} Rf8 {[%emt 0:00:00] [#]} 20. Qxd5 $3 exd5 21. Ne7+ {[%emt 0:00:00] Pair of Knights!} Kh8 22. Nxg6+ hxg6 23. Nd6 Kg8 24. Rc7 Nf6 25. Rfc1 Rad8 26. Nb5 {[%emt 0:00:00] 0x0.0019891f63fcdp-1022s more active pieces.} a6 27. Nd4 Rd6 28. f3 Re8 29. Kf2 Nd7 {[%emt 0:00:00] [#]} 30. R1c6 $1 Rxc6 31. Nxc6 $18 {[%emt 0:00:00][%mdl 4096] Endgame KRN-KRN} ({Resist} 31. Rxc6 $6 Kf8 $16) 31... Ne5 32. Ne7+ Kf8 33. Nxd5 Nd3+ (33... g5 $142 34. Ke2 (34. Nxb6 Rb8 $18) 34... b5) 34. Ke2 Nxb2 35. Nxb6 {[%emt 0:00:00] Strongly threatening Rc2.} Rd8 36. e4 f6 37. Nd5 Rb8 38. Rc6 Rb3 39. Rxa6 {[%emt 0:01:30] Rb6 is the strong threat.} Nc4 {[%emt 0:02:30] Inhibits Rb6.} 40. a4 {[%emt 0:01:04] And now Ra8+ would win.} Ra3 41. Ra8+ Kf7 42. Ra7+ Kg8 43. Kf2 Kh8 44. Kg3 Ra2 45. h4 Kg8 (45... Ne5 {keeps fighting.} 46. Ne7 Kh7) 46. Nf4 Ne3 47. Ne6 {[%emt 0:01:21] Prevents g5.} Rxg2+ 48. Kf4 Nc4 49. Rxg7+ Kh8 50. Rf7 f5 51. exf5 gxf5 52. Rf8+ Kh7 53. Kxf5 {[%emt 0:00:43] Hoping for Ng5+.} Ra2 54. Kf6 {[%emt 0:00:19] Weighted Error Value: White=0.05 (flawless) /Black=0.43} 1-0

[Event "Charlotte Summer IM B 2022"]
[Site "Charlotte"]
[Date "2022.07.29"]
[Round "9.1"]
[White "Adu, Oladapo"]
[Black "Zaloznyy, Mike"]
[Result "0-1"]
[ECO "A08"]
[WhiteElo "2056"]
[BlackElo "2171"]
[Annotator "TA"]
[PlyCount "122"]
[EventDate "2022.07.24"]
[EventType "tourn"]
[EventCountry "USA"]
[SourceTitle "playchess.com"]
[Source "ChessBase"]
[SourceQuality "1"]
[TimeControl "5400+30"]

1. Nf3 Nf6 2. g3 b6 3. Bg2 Bb7 4. O-O e6 5. d3 d5 6. Nbd2 c5 7. e4 Nc6 {[%emt 0:00:00] A08: King's Indian Attack.} 8. exd5 exd5 9. Re1+ Be7 {[%emt 0:00:00] The position is equal.} 10. Nh4 Qd7 {[%emt 0:00:00] [#] Inhibits Nf5.} 11. Nb3 $146 ({Predecessor:} 11. Nf1 O-O 12. Bf4 Rfe8 13. Nf3 Bd6 14. Qd2 d4 15. Rxe8+ Rxe8 16. Re1 Rxe1 17. Nxe1 {1-0 (56) Mustafaev,K (2188)-Schiendorfer,F (2075) Acri 2006}) 11... O-O 12. c3 a5 13. a4 Rfe8 14. Nf3 d4 15. cxd4 cxd4 16. Bg5 h6 17. Bxf6 Bxf6 18. Rxe8+ Rxe8 19. Nbd2 Nb4 20. Nc4 Qe6 21. Ng5 Bxg5 22. Bxb7 Qg6 23. Ra3 f5 24. Bf3 {[%emt 0:00:19] Bh5 is the strong threat.} Qe6 25. Ra1 g6 26. Kg2 h5 27. Na3 Rc8 28. h4 Bh6 29. Nb5 Kh7 30. Na3 Re8 31. Nc4 Qf6 (31... f4 {is interesting.} 32. Be4 Rf8 33. Qe2 Na6) 32. Qb3 Re7 33. Rf1 Qe6 34. Qd1 Kg7 35. Kg1 Na6 36. Qb3 Nc5 37. Qc2 f4 38. Kg2 Qf5 39. Rd1 fxg3 {[%emt 0:00:00] Black is more active.} (39... Re6 $15) 40. fxg3 $11 g5 41. hxg5 Qxg5 42. Rh1 Ne6 (42... Qg6 $11 {keeps the balance.} 43. Bxh5 Qf5) 43. Rh4 $1 $16 (43. Nxb6 $6 Rf7 $11) (43. Bxh5 $2 Nf4+ 44. Kf2 Nxh5 $19) 43... Rf7 44. Qd1 (44. Nd6 $1 $16 Rf8 45. Ne4) 44... Kf8 (44... Nf4+ $1 $11 {remains equal.} 45. Kh2 Qf6) 45. Kh2 (45. Bxh5 $16 Rf6 46. Nxb6) 45... Rg7 ({Better is} 45... Qf6 $14 46. Rxh5 Bf4) 46. Qe1 Qf6 47. Bxh5 {[%emt 0:02:04] Threatens to win with Re4.} Re7 {[%emt 0:00:11][%cal Oe6f4] [#]} 48. Re4 {[%emt 0:01:16] Inhibits Nf4. Black must now prevent Ne5.} (48. Nxb6 Ng7 49. Qxa5 Nxh5 50. Nd7+ (50. Qxh5 $2 Qf2+ 51. Kh3 Qf1+ 52. Kh2 Re2+ 53. Qxe2 Qxe2+ 54. Kh3 Qe6+ 55. Kg2 Qxb6 $19) 50... Rxd7 $11) 48... Bg5 49. Kg2 (49. Nxb6 $142 Be3 50. Nd5 (50. Qxa5 Qf2+ 51. Kh3 Qf1+ 52. Kh4 Qh1+ 53. Kg4 Rg7+ 54. Kf5 Qxh5+ 55. Kxe6 Qf7+ 56. Ke5 Qc7+ 57. Kf6 Qd8+ 58. Kf5 Rg5+ 59. Ke6 Qe7#)) 49... Qh6 $2 (49... Nc5 $16 {is a better defense.}) 50. Bg4 $2 ({Stronger than} 50. Nxb6 Qxh5 51. Rxe6 Rh7 52. Nd7+ (52. Qe5 $2 {gets mated.} Qh1+ 53. Kf2 Rh2#) 52... Rxd7 53. Qxa5 Rf7 54. Qa8+ Kg7 $11) (50. Qf2+ $18 Qf6 51. Qxf6+ (51. Nxb6 Qxf2+ 52. Kxf2 Nc5 $16) 51... Bxf6 52. Nxb6) 50... Nc5 $14 51. Rxe7 Bxe7 52. Qe5 Qf6 53. Qe2 $36 {[%mdl 2048] White fights for an advantage.} Nxa4 54. Ne5 (54. Bd7 $14 Nc5 55. Bb5) 54... Kg7 55. Bd7 Nxb2 {[%emt 0:00:30] [#]} 56. Nc6 $2 ({Only move:} 56. Nf3 $1 $18 ) 56... Ba3 $11 57. Qg4+ Kh6 $2 (57... Qg6 $1 $11 {and Black stays safe.} 58. Qxd4+ Qf6) 58. Nxd4 $18 {Intending Nf5+ and mate.} Nxd3 {[%emt 0:00:30] Strongly threatening ...Ne1+.} 59. Nf5+ $2 (59. Bf5 $16 Ne1+ 60. Kf1) 59... Kh7 $11 {[%emt 0:00:30] ( -> ...Qb2+)} 60. Be6 $2 Qb2+ 61. Kg1 Bc5+ {[%emt 0:00:30] Weighted Error Value: White=0.34/Black=0.31} 0-1

[Event "Charlotte Summer IM B 2022"]
[Site "Charlotte"]
[Date "2022.07.28"]
[Round "9.2"]
[White "Ringoir, Tanguy"]
[Black "Atanasov, Anthony"]
[Result "1-0"]
[ECO "D85"]
[WhiteElo "2490"]
[BlackElo "2172"]
[Annotator "TA"]
[PlyCount "51"]
[EventDate "2022.07.24"]
[EventType "tourn"]
[EventCountry "USA"]
[SourceTitle "playchess.com"]
[Source "ChessBase"]
[SourceQuality "1"]
[TimeControl "5400+30"]

1. d4 Nf6 2. c4 g6 3. Nc3 d5 4. cxd5 Nxd5 5. Bd2 Nb6 6. e3 {[%emt 0:00:07] D85: Exchange Grünfeld: Unusual White 7th moves and lines with 7 Nf3.} Bg7 7. h4 $1 {[%emt 0:00:09][%mdl 4] is recently more successful than 7.f4.} h5 8. Nf3 {[%emt 0:00:24] The position is equal.} O-O 9. Ng5 Nc6 {[%emt 0:04:33] [#]} 10. Qb3 $146 ({Predecessor:} 10. f4 Bf5 11. Be2 Qd7 12. e4 Bg4 13. Bxg4 Qxg4 14. Qxg4 hxg4 15. d5 Nd4 16. O-O-O {1-0 (47) Alonso Rosell,A (2570)-Suarez Uriel,A (2343) Ciudad Real 2021}) 10... e5 (10... a5 $11) 11. d5 $14 Ne7 12. a4 e4 (12... Nexd5 $2 13. a5 $18) 13. Rd1 ({Much worse is} 13. Ngxe4 a5 $11) (13. a5 $14 Nbxd5 14. Bc4) 13... Nbxd5 $2 {[%emt 0:06:02][%mdl 8192] Loses the game.} (13... a5 $11 {and Black stays safe.}) 14. Nxd5 $18 ({Not} 14. Bc4 c6 $14) 14... Qxd5 15. Bc4 Qf5 16. O-O {[%emt 0:09:28] [#] Hoping for f3.} (16. Bc3 Bxc3+ 17. Qxc3 Be6 $16) 16... a6 $2 (16... Bh6 17. Nxf7 Rxf7) 17. f3 b5 18. axb5 axb5 19. Bxf7+ $1 ({Weaker is} 19. Bxb5 Rb8 20. Qb4 Qxb5 $17) 19... Kh8 20. fxe4 Qe5 21. Bd5 Bg4 22. Bxa8 {[%emt 0:00:11] [#] Threatening mate with Rxf8+.} Bxd1 23. Rxf8+ {[%emt 0:00:18] White mates.} Bxf8 24. Qf7 Bg7 25. Bc3 Bb3 26. Qe8+ {[%emt 0:00:23] Weighted Error Value: White=0.08 (flawless) /Black=0.93} 1-0

[Event "Charlotte Summer IM B 2022"]
[Site "Charlotte"]
[Date "2022.07.29"]
[Round "9.3"]
[White "Avila Rodriguez, Joshua Ad"]
[Black "Kolay, Alex"]
[Result "1-0"]
[ECO "C18"]
[WhiteElo "2210"]
[BlackElo "2188"]
[Annotator "TA"]
[PlyCount "133"]
[EventDate "2022.07.24"]
[EventType "tourn"]
[EventCountry "USA"]
[SourceTitle "playchess.com"]
[Source "ChessBase"]
[SourceQuality "1"]
[TimeControl "5400+30"]

1. e4 e6 2. d4 d5 3. Nc3 Bb4 4. e5 c5 5. a3 Bxc3+ 6. bxc3 Ne7 7. Qg4 Qc7 8. Bd3 c4 9. Be2 ({Not} 9. Qxg7 $2 Rg8 10. Qxh7 cxd3 11. Qxd3 b6 $19) 9... Qa5 {[%emt 0:01:45] C18: French: 3 Nc3 Bb4: Main line: 7 h4 and 7 Qg4.} 10. Bd2 ({Avoid the trap} 10. Qxg7 $2 Qxc3+ 11. Kf1 Rg8 $19) 10... Nf5 11. Nf3 {[%emt 0:11:08] 11.h4 is the modern continuation.} Nc6 {[%emt 1:24:46][%cal Bb8c6,Bc6e7,Be7f5][%mdl 32] The position is equal.} 12. Nh4 {[%emt 0:00:32] has lost popularity (12.Qf4).} Nce7 13. Nxf5 Nxf5 14. Qh3 Bd7 15. g4 Ne7 16. Bg5 {[%emt 0:01:44] [#]} (16. a4 $5) 16... Ng6 $146 ({Predecessor:} 16... Ba4 17. Kd2 Nc6 18. Be3 O-O-O 19. f4 f6 20. g5 f5 21. Rhb1 Rd7 22. Rb2 Qd8 {½-½ (43) Michiels,B (2451)-Antic,D (2523) Kalamaria 2009}) 17. Kd2 h6 18. Bh4 Nxh4 19. Qxh4 Qd8 20. Qxd8+ Rxd8 21. Rab1 b6 22. f4 g5 (22... f6 $11) 23. h4 gxf4 24. Rbf1 Ke7 25. Rxf4 Rdg8 26. Ke3 Ba4 27. Bd1 Rh7 28. Rf2 Rgg7 29. Kf4 Rg8 30. Rfh2 (30. Kg3 $14) 30... Rhg7 31. Rg2 Rh7 32. Rhg1 Rf8 33. Kg3 Rg8 (33... f5 $11) 34. Kh3 (34. Rf1 $14) 34... Rgh8 (34... f6 $11 {deserves consideration.}) 35. h5 Kf8 36. g5 hxg5 37. Rxg5 Be8 38. Kh4 Rh6 39. Rf1 Ke7 40. Bg4 Ba4 41. Rg7 Be8 42. Kg5 {[%emt 0:00:00] Against Rg6+} Kf8 43. Rg6 Rxg6+ 44. hxg6 $11 {[%emt 0:00:00][%mdl 4096] Endgame Bxe6 is the strong threat. KRB-KRB} Rg8 45. Bh5 {[%emt 0:00:00] Black must now prevent Kf6.} Ke7 46. Rf6 {aiming for Kh6.} fxg6 $1 47. Bxg6 Rh8 $2 {[%emt 0:00:30][%mdl 8192] White now steadily converts the win.} (47... b5 $11 {and Black stays safe.}) 48. Bxe8 $1 $18 Rxe8 {[%emt 0:00:37] KR-KR} 49. Rh6 $1 {Strongly threatening Rh7+.} Rg8+ {[%emt 0:00:21] [#]} (49... Kd7 $142 50. Rh7+ Kc6 51. Rxa7 Rf8) 50. Rg6 $1 Rf8 {[%emt 0:00:14] [#]} 51. Rg7+ $1 Kd8 52. Rxa7 Rf3 53. Kg6 b5 54. Rf7 Rxc3 (54... Rh3 55. Rb7 Rxc3) 55. Kf6 Rxc2 56. Kxe6 {[%emt 0:00:04] Intending Kd6 and mate.} Rd2 57. Kd6 {[%emt 0:02:15][%cal Rf7f8] White mates.} Kc8 58. e6 Rxd4 59. e7 Re4 60. Rf8+ Kb7 61. e8=Q Rxe8 62. Rxe8 {[%emt 0:00:07] KR-K3P} d4 63. Kc5 d3 64. Rd8 Ka6 65. Kb4 Kb6 66. a4 bxa4 67. Kxc4 {[%emt 0:00:06] Weighted Error Value: White=0.06 (flawless) /Black=0.42} 1-0

[Event "Charlotte Summer IM B 2022"]
[Site "Charlotte"]
[Date "2022.07.28"]
[Round "9.4"]
[White "Wang, Tianqi"]
[Black "Mishra, Prateek"]
[Result "1/2-1/2"]
[ECO "C68"]
[WhiteElo "2402"]
[BlackElo "2204"]
[Annotator "TA"]
[PlyCount "27"]
[EventDate "2022.07.24"]
[EventType "tourn"]
[EventCountry "USA"]
[SourceTitle "playchess.com"]
[Source "ChessBase"]
[SourceQuality "1"]
[TimeControl "5400+30"]

1. e4 e5 2. Nf3 Nc6 3. Bb5 a6 4. Bxc6 dxc6 5. O-O Bg4 6. h3 h5 7. d3 Qf6 8. Be3 Bxf3 9. Qxf3 Qxf3 10. gxf3 {[%emt 0:00:05] The position is equal.} f5 {[%emt 0:00:08] C68: Ruy Lopez: Exchange Variation, sidelines.} 11. f4 exf4 12. Bxf4 {[%emt 0:00:46] [#]} Bd6 $146 ({Predecessor:} 12... fxe4 13. dxe4 O-O-O 14. Nc3 Bb4 15. Rad1 Re8 16. f3 Nh6 17. Kf2 Nf7 18. Rg1 Rhg8 {0-1 (40) Fiderer,L (2296)-Dill,X (2192) Baden 2018}) 13. Bxd6 cxd6 14. Nd2 {[%emt 0:01:56] An uneventful encounter.  Weighted Error Value: White=0.00 (flawless) /Black=0.06 (flawless)} 1/2-1/2

[Event "Charlotte Summer IM B 2022"]
[Site "Charlotte"]
[Date "2022.07.28"]
[Round "9.5"]
[White "Eckert, Doug"]
[Black "Homa, Seth"]
[Result "1/2-1/2"]
[ECO "D11"]
[WhiteElo "2177"]
[BlackElo "2237"]
[Annotator "TA"]
[PlyCount "59"]
[EventDate "2022.07.24"]
[EventType "tourn"]
[EventCountry "USA"]
[SourceTitle "playchess.com"]
[Source "ChessBase"]
[SourceQuality "1"]
[TimeControl "5400+30"]

1. d4 d5 2. c4 c6 3. Nf3 Nf6 4. g3 Bg4 5. Ne5 Bf5 6. Bg2 {[%emt 0:03:22] D11: Slav Defence: 3 Nf3 sidelines and 3...Nf6 4 e3 Bg4.} e6 7. Qb3 Qb6 8. c5 {[%emt 0:05:45] [#]} Qa6 $146 ({Predecessor:} 8... Qxb3 9. axb3 Nbd7 10. f4 Nxe5 11. fxe5 Be4 12. Bf3 Bxf3 13. exf3 Nd7 14. Nc3 a6 {0-1 (55) Dragicevic,D (2349)-Lindgren,P (2380) Sweden 2018}) 9. Nc3 {[%emt 0:02:06] Active counter play!} b6 10. cxb6 axb6 11. O-O Be7 12. f3 h6 13. g4 Bh7 14. f4 O-O 15. g5 hxg5 16. fxg5 Nfd7 {[%emt 0:00:16] [#] aiming for ...Nxe5.} 17. g6 $36 {[%emt 0:00:52][%mdl 2048] White has some pressure.} Bxg6 18. Nxg6 fxg6 19. Bf4 g5 20. Bg3 {[%emt 0:01:12] This bishop pair is nice.} Bf6 (20... Rxf1+ $1 $11 21. Rxf1 Qc4) 21. Rad1 Qc4 22. Qxc4 dxc4 23. a3 Ra5 (23... g4 $14) 24. Bh3 $16 Re8 25. Ne4 c5 $2 {[%emt 0:02:51] [#]} (25... Rd5 $16) 26. Nxf6+ $2 (26. dxc5 $18 {[%cal Oc5c6] Hoping for c6!} c3 27. c6 (27. bxc3 bxc5 28. Rb1 g4 $18) (27. Nxc3 Bxc3 28. Bxb8 Nxb8 $16) 27... Nxc6 28. Rxd7 cxb2 29. Nxf6+ gxf6 30. Rd2) 26... Nxf6 $14 27. dxc5 Rxc5 28. Bxb8 Rxb8 29. Bxe6+ Kh7 30. a4 {[%emt 0:02:20] Weighted Error Value: White=0.26 (precise) /Black=0.20 (precise)} 1/2-1/2